 Dungeon Crawl Stone Soup version 0.31-a0-1154-gadca813884 (webtiles) character file.

Game seed: 16682222820161547695

3878 Sybirions the Carver (level 10, -1/60 HPs)
             Began as a Tengu Reaver on Dec 7, 2023.
             Succumbed to a killer bee's poison
             ... on level 8 of the Dungeon.
             The game lasted 00:46:17 (5744 turns).

Sybirions the Carver (Tengu Reaver)                 Turns: 5744, Time: 00:46:18

Health: -1/60      AC: 10    Str: 17    XL:     10   Next: 19%
Magic:  5/14       EV: 34    Int: 13    God:
Gold:   414        SH:  0    Dex: 15    Spells: 12/13 levels left

rFire   . . .        k - +10 falchion of Inflation {protect, +Blink Str+2}
rCold   . . .        (no shield)
rNeg    + . .        a - +0 leather armour
rPois   .            (helmet restricted)
rElec   .            (no cloak)
rCorr   .            (no gloves)
SInv    .            (boots unavailable)
Will    .....        t - amulet of guardian spirit
Stlth   ++           E - ring of positive energy
HPRegen 0.30/turn    (no ring)
MPRegen 0.14/turn

%: acrobat, guardian spirit
@: lethally poisoned (-1 -> -11), under a protective aura, acrobatic, flying
A: beak, talons 3, evasive flight, acrobatic
a: Evoke Blink


You were on level 8 of the Dungeon.
You visited 1 branch of the dungeon, and saw 8 of its levels.

You collected 414 gold pieces.

Inventory:

Hand Weapons
 c - a +0 long sword
 e - a +0 sling
 f - a +0 trident of protection
 k - the +10 falchion of Inflation (weapon) {protect, +Blink Str+2}
   (You found it on level 2 of the Dungeon)

   Str+2:     It affects your strength (+2).
   +Blink:    It lets you blink.
 m - a +0 mace
 p - a +0 whip
 q - a +0 sling
 y - a +0 flail
 C - a +0 halberd
 G - a +0 rapier
 H - a +2 rapier of distortion
 P - a +0 long sword
Missiles
 r - 2 throwing nets
Armour
 a - a +0 leather armour (worn)
 s - a +0 ring mail
 u - the +3 scale mail of Darghe Kapuy {Dex+3}
   (You found it on level 4 of the Dungeon)

   Dex+3:     It affects your dexterity (+3).
 I - a +0 leather armour
 K - a +0 leather armour
 O - a +0 ring mail
 Q - a +0 chain mail
 R - a +0 ring mail
Jewellery
 t - an amulet of guardian spirit (around neck)
 E - a ring of positive energy (left hand)
Talismans
 N - a maw talisman
Wands
 z - a wand of charming (5)
 A - a wand of flame (18)
 D - a wand of roots (5)
 F - a wand of acid (9)
Scrolls
 i - a scroll of fear {unknown}
 j - 3 scrolls of enchant armour {unknown}
 l - 4 scrolls of identify {unknown}
 v - 3 scrolls of teleportation {unknown}
 w - a scroll of vulnerability {unknown}
 B - 2 scrolls of amnesia {unknown}
 J - 2 scrolls of fog {unknown}
 L - a scroll of revelation {unknown}
 M - a scroll of blinking {unknown}
Potions
 b - 4 potions of ambrosia {unknown}
 d - 3 potions of degeneration {unknown}
 g - 2 potions of lignification {unknown}
 h - 5 potions of curing {unknown}
 n - a potion of attraction {unknown}
 o - 2 potions of heal wounds {unknown}
 x - a potion of invisibility {unknown}
 S - a potion of enlightenment {unknown}


   Skills:
 + Level 5.9 Fighting
 + Level 10.8 Long Blades
 + Level 4.0 Armour
 + Level 6.9 Dodging
 + Level 3.0 Stealth
 + Level 4.9 Unarmed Combat
 + Level 2.1 Spellcasting
 + Level 4.6 Conjurations


You had 12 spell levels left.
You knew the following spells:

 Your Spells              Type           Power      Damage    Failure   Level
a - Kiss of Death         Conj/Necr      28%        2d7       12%         1

Your spell library contained the following spells:

 Spells                   Type           Power      Damage    Failure   Level
 Momentum Strike          Conj/Tloc      14%        3d8       17%         2
 Summon Small Mammal      Summ           4%         N/A       30%         1
 Hailstorm                Conj/Ice       7%         3d5       34%         3
 Call Canine Familiar     Summ           1%         N/A       65%         3
 Summon Guardian Golem    Hex/Summ       1%         N/A       65%         3
 Volatile Blastmotes      Fire/Tloc      2%         2d10      65%         3
 Fulminant Prism          Conj/Hex       3%         3d5       75%         4
 Iskenderun's Mystic Bla  Conj/Tloc      7%         2d4       75%         4
 Manifold Assault         Tloc           1%         N/A       96%         4
 Dispersal                Tloc           0%         N/A       100%        6
 Disjunction              Tloc           0%         N/A       100%        8


Dungeon Overview and Level Annotations

Branches:
Dungeon (8/15)             Temple (0/1) D:6
   Lair: D:8-11

Altars:
Dithmenos
Hepliaklqana
Makhleb
Trog
The Shining One

Shops:
D:1 (=?   D:2 !   D:3 (   D:5 *   D:7 *


Innate Abilities, Weirdness & Mutations

You have a beak for a mouth.
You have claws for feet.
Your magical flight helps you evade attacks. (EV +4)
You can magically evade attacks while moving or waiting.


Message History

The killer bee is heavily wounded.
You feel sick.
You are no longer poisoned.
The killer bee completely misses you. x3; The gnoll barely misses you. x2
The killer bee completely misses you.
The killer bee attacks as it pursues you!
The killer bee stings you but does no damage.
The killer bee completely misses you. x2; The gnoll completely misses you.
Things that are here:
a +0 whip; a +0 heavy orcbow You barely miss the gnoll.
You claw the gnoll. You peck the gnoll. You punch the gnoll, but do no damage.
The gnoll is severely wounded.
The killer bee barely misses you. The killer bee closely misses you.
You barely miss the gnoll. You peck the gnoll. Your punch misses the gnoll.
The gnoll is almost dead.
The killer bee closely misses you.
The killer bee stings you but does no damage.
The gnoll closely misses you.
A steam dragon comes into view.
The gnoll hits you but does no damage. The killer bee stings you.
* * * LOW HITPOINT WARNING * * *
You are poisoned.
The killer bee poisons you! The killer bee closely misses you.
You hit the gnoll.
You kill the gnoll!
You feel sick. The killer bee stings you.
* * * LOW HITPOINT WARNING * * *
You are lethally poisoned!
The killer bee poisons you! The killer bee barely misses you.
The gnoll barely misses you. The killer bee completely misses you.
* * * LOW HITPOINT WARNING * * *
You feel very sick. The killer bee completely misses you.
The killer bee closely misses you.
You see here a +0 halberd.
* * * LOW HITPOINT WARNING * * *
You feel very sick.
The killer bee attacks as it pursues you!
The killer bee completely misses you. x2
You die...

#.......#
##D###.###
##...##.#
#..#....#
#.g..####
#y#.##
#y#y#
#...#
#@.## #..#
#.?# #..#
...# ...#
####


You could see a steam dragon, 3 killer bees and a gnoll.

Vanquished Creatures
  A hornet (D:8)
  Prince Ribbit (D:7)
  3 water moccasins
  2 orc warriors
  Duvessa (D:7)
  An ice beast (D:6)
  3 black bears (D:7)
  2 ogres
  5 centaurs
  2 phantoms (D:4)
  A bullfrog (D:7)
  A gnoll sergeant (D:8)
  2 scorpions
  4 wights (D:8)
  Dowan (D:7)
  6 killer bees (D:8)
  The ghost of AceOff the Changeling, a weakling OpSh (D:3)
  A howler monkey (D:7)
  2 hounds (D:5)
  2 jellies (D:6)
  3 orc priests
  3 iron imps (D:7)
  A sleepcap (D:5)
  A gnoll bouda (D:5)
  5 iguanas
  Natasha (thrice) (D:4 D:5)
  7 orc wizards
  5 gnolls
  11 adders
  A shadow imp (D:5)
  2 white imps
  5 ufetubi
  A dart slug (D:1)
  19 orcs
  8 ball pythons
  8 endoplasms
  A giant cockroach (D:1)
  9 goblins
  7 hobgoblins
  3 jackals (D:3)
  2 quokkas
  5 bats
  2 frilled lizards (D:3)
  10 kobolds
  3 rats
167 creatures vanquished.

Notes
Turn   | Place    | Note
-------+----------+-------------------------------------------
     0 | D:1      | Sybirions the Tengu Reaver began the quest for the Orb.
     0 | D:1      | Reached XP level 1. HP: 12/12 MP: 4/4
   293 | D:1      | Found Ifurche's Jewellery Boutique.
   368 | D:1      | Reached XP level 2. HP: 17/17 MP: 6/6
   708 | D:1      | Found Qeotyec's Magic Scroll Shop.
   769 | D:2      | Reached XP level 3. HP: 6/21 MP: 7/7
   858 | D:2      | Found Syvi's Distillery.
   941 | D:2      | Identified the +10 falchion of Inflation {protect, +Blink
                  | Str+2}
  1244 | D:1      | Found Jiladay's Antique Weapon Shop.
  1615 | D:3      | Found Iriemn's Antique Weapon Emporium.
  1727 | D:3      | Reached XP level 4. HP: 26/26 MP: 8/8
  1763 | D:3      | Found a runed translucent door.
  1763 | D:3      | Noticed AceOff's ghost (weakling OpSh)
  1772 | D:3      | Killed AceOff's ghost
  1773 | D:3      | Reached skill level 1 in Armour
  1881 | D:3      | Reached skill level 1 in Long Blades
  1881 | D:3      | Reached XP level 5. HP: 31/31 MP: 9/9
  2128 | D:4      | Identified the +3 scale mail of Darghe Kapuy {Dex+3}
  2157 | D:4      | Noticed a phantom
  2167 | D:4      | Killed a phantom
  2186 | D:4      | Noticed Natasha
  2192 | D:4      | Killed Natasha
  2193 | D:4      | Reached skill level 2 in Long Blades
  2291 | D:4      | Reached XP level 6. HP: 36/36 MP: 10/10
  2497 | D:4      | Noticed Natasha
  2506 | D:4      | Reached skill level 1 in Stealth
  2642 | D:5      | Entered Level 5 of the Dungeon
  2657 | D:5      | Noticed a water moccasin
  2678 | D:5      | Killed a water moccasin
  2679 | D:5      | Reached skill level 3 in Long Blades
  2679 | D:5      | Gained mutation: Your magical flight helps you evade
                  | attacks. (EV +4) [Tengu growth]
  2679 | D:5      | Reached XP level 7. HP: 6/41 MP: 7/11
  2885 | D:4      | Found a hazy altar of Hepliaklqana.
  2896 | D:4      | Found a shadowy altar of Dithmenos.
  2907 | D:4      | Found a glowing golden altar of the Shining One.
  2948 | D:4      | Reached skill level 4 in Long Blades
  3115 | D:5      | Found a bloodstained altar of Trog.
  3309 | D:5      | Killed Natasha
  3310 | D:5      | Reached skill level 5 in Long Blades
  3315 | D:5      | Noticed Natasha
  3327 | D:5      | Killed Natasha
  3379 | D:5      | Reached XP level 8. HP: 48/48 MP: 12/12
  3563 | D:5      | Found Miraam's Assorted Antiques.
  3949 | D:5      | Reached skill level 6 in Long Blades
  3952 | D:5      | Reached skill level 5 in Dodging
  4291 | D:6      | Found a staircase to the Ecumenical Temple.
  4722 | D:7      | Reached skill level 7 in Long Blades
  4731 | D:7      | Reached XP level 9. HP: 30/52 MP: 8/13
  4742 | D:7      | Reached skill level 8 in Long Blades
  5029 | D:7      | Reached skill level 9 in Long Blades
  5126 | D:7      | Found a burning altar of Makhleb.
  5154 | D:7      | Reached skill level 5 in Fighting
  5197 | D:7      | Noticed Duvessa
  5199 | D:7      | Noticed Prince Ribbit
  5205 | D:7      | Noticed Dowan
  5209 | D:7      | Killed Duvessa
  5225 | D:7      | Killed Prince Ribbit
  5233 | D:7      | Killed Dowan
  5241 | D:7      | Found Gecoaczut's Assorted Antiques.
  5413 | D:8      | Noticed a hornet
  5423 | D:8      | Killed a hornet
  5441 | D:8      | Reached skill level 10 in Long Blades
  5444 | D:8      | Reached XP level 10. HP: 24/60 MP: 6/14
  5743 | D:8      | HP: 1/60 [poisoned by a killer bee]
  5744 | D:8      | Succumbed to a killer bee's poison

Illustrated notes

Levels and vault maps discovered:
D:1:      minmay_arrival_four_loops, layout_basic, serial_shops, shop, shop,
          shop, minmay_misc_feat_hallway
D:2:      layout_loops_ring, serial_shops, shop, nicolae_houndstooth_variations
D:3:      layout_basic, marbit_many_paths, gammafunk_ghost_grave, serial_shops,
          nicolae_shop_waterfront, chequers_serial_rivers_marsh
D:4:      layout_basic, grunt_temple_overflow_diamond, uniq_natasha
D:5:      layout_basic, amcnicky_altar_gilded, mainiacjoe_overflow_two_lobes,
          serial_shops, kennysheep_mini, minmay_increasing_density
D:6:      layout_rooms, minmay_temple_entry_poolview, serial_glass,
          glass_columns_a, glass_columns_b
D:7:      minmay_spotlight, layout_rooms, demons_altar, serial_shops, shop,
          uniq_duvessa, uniq_prince_ribbit1
D:8:      layout_loops_ring, nzn_wu_jian_council_hall

Skill      XL: |  1  2  3  4  5  6  7  8  9 10 |
---------------+-------------------------------+-----
Unarmed Combat | 4 |  4.9
Armour         | 1 2 3 4 |  4.0
Long Blades    | 1 2 3 5 7 10 | 10.8
Dodging        | 3 4 5 6 |  6.9
Stealth        | 1 2 3 |  3.0
Fighting       | 3 4 5 |  5.9
Spellcasting   | |  2.1
Conjurations   | |  4.6

Action                     |  1- 3 |  4- 6 |  7- 9 | 10-12 || total
---------------------------+-------+-------+-------+-------++-------
  Melee: Unarmed           |    32 |       |       |       ||    32
         Kick              |    13 |    10 |    70 |    21 ||   114
         Peck              |     5 |     8 |    47 |    13 ||    73
         Punch             |     1 |       |     8 |     3 ||    12
         Falchion          |    26 |    66 |   235 |    66 ||   393
         Trident           |     1 |       |       |       ||     1
   Stab: Sleeping          |       |       |     2 |       ||     2
 Armour: Leather armour    |    17 |    36 |   127 |    35 ||   215
  Dodge: Dodged            |    49 |    88 |   336 |    95 ||   568

Table legend: (Time is in decaauts)
 A = Elapsed time spent in this place.
 B = Non-inter-level travel time spent in this place.
 C = Inter-level travel time spent in this place.
 D = Time resting spent in this place.
 E = Time spent auto-exploring this place.
 F = Levels seen in this place.
 G = Mean time per level.
                   A        B        C        D        E       F      G
               +--------+--------+--------+--------+--------+-----+--------+
         Total |   5744 |   5727 |     17 |      0 |     94 |   8 |  718.0 |
       Dungeon |   5744 |   5727 |     17 |      0 |     94 |   8 |  718.0 |
               +--------+--------+--------+--------+--------+-----+--------+

Top non-repeatable levels by time:
     D:4: 1006 daAuts
     D:1: 963 daAuts
     D:5: 915 daAuts
     D:6: 678 daAuts
     D:7: 676 daAuts
     D:2: 644 daAuts
     D:3: 532 daAuts
     D:8: 327 daAuts
